 Dungeon Crawl Stone Soup version 0.24.0-29-g8ce449bc06 (webtiles) character file.

Game seed: 7370404110890606299, levelgen mode: deterministic

145 Aviak the Firebug (level 5, 9/35 HPs)
             Began as a Demonspawn Fire Elementalist on Nov 15, 2019.
             Quit the game on level 4 of the Dungeon.
             The game lasted 00:06:05 (3113 turns).

Aviak the Firebug (Demonspawn Fire Elementalist)    Turns: 3113, Time: 00:06:05

Health: 9/35       AC:  3    Str:  9    XL:     5   Next: 6%
Magic:  6/9        EV: 12    Int: 17    God:
Gold:   142        SH:  0    Dex: 13    Spells: 4/10 levels left

rFire    . . .     SeeInvis .   i - +0 dagger
rCold    . . .     Gourm    .   (no shield)
rNeg     . . .     Faith    .   d - +0 leather armour
rPois    .         Spirit   .   (no helmet)
rElec    .         Reflect  .   (no cloak)
rCorr    .         Harm     .   (no gloves)
MR       .....                  (no boots)
Stlth    ++........             (no amulet)
HPRegen  0.11/turn              (no ring)
MPRegen  0.11/turn              (no ring)

@: no status effects
A: demonic guardian 1, foul stench 1, rot immunity
a: no special abilities


You were on level 4 of the Dungeon.
You were hungry.

You visited 1 branch of the dungeon, and saw 6 of its levels.

You collected 142 gold pieces.

Inventory:

Hand Weapons
 i - a +0 dagger (weapon)
Armour
 a - a +0 robe
 d - a +0 leather armour (worn)
Scrolls
 b - a scroll of random uselessness {unknown}
 f - 2 scrolls of remove curse {unknown}
 g - a scroll of magic mapping {unknown}
 j - 3 scrolls of enchant weapon {unknown}
 k - 3 scrolls of teleportation {unknown}
 l - 2 scrolls of amnesia {unknown}
 m - a scroll of identify {unknown}
 o - a scroll of fog {unknown}
Potions
 e - a potion of magic {unknown}
 h - a potion of heal wounds
 n - a potion of berserk rage {unknown}
 p - a potion of degeneration {unknown}
Comestibles
 c - 7 rations


   Skills:
 + Level 2.8 Dodging
 - Level 1.7 Stealth
 - Level 3.0 Spellcasting
 + Level 2.4 Conjurations
 + Level 3.5 Fire Magic


You had 4 spell levels left.
You knew the following spells:

 Your Spells              Type           Power        Failure   Level  Hunger
a - Flame Tongue          Conj/Fire      ##...        8%          1    None
b - Throw Flame           Conj/Fire      ##....       11%         2    ##.....
d - Conjure Flame         Conj/Fire      ##......     22%         3    ###....

Your spell library contained the following spells:

 Spells                   Type           Power        Failure   Level  Hunger
 Inner Flame              Hex/Fire       #.......     34%         3    ###....
 Sticky Flame             Conj/Fire      ##......     58%         4    ####...
 Fireball                 Conj/Fire      ##........   90%         5    ######.


Dungeon Overview and Level Annotations

Branches:
Dungeon (6/15)
 Temple: D:4-7

Altars:

Shops:
D:5 *


Innate Abilities, Weirdness & Mutations

A weak demonic guardian rushes to your aid.
You may emit foul miasma when damaged in melee.
You are immune to rotting.


Message History

The leopard gecko barely misses you.
Casting: Flame Tongue (safe; 8% risk of failure)
Confirm with . or Enter, or press ? or * to list all spells.
Aiming: Flame Tongue (safe; 8% risk of failure)
Press: ? - help, Shift-Dir - straight line, f/p - leopard gecko
Aim: a leopard gecko (clinging)
The flame tongue hits the leopard gecko!
You kill the leopard gecko!
The leopard gecko bites you.
The leopard gecko looks sick.
Casting: Flame Tongue (safe; 8% risk of failure)
Confirm with . or Enter, or press ? or * to list all spells.
Aiming: Flame Tongue (safe; 8% risk of failure)
Press: ? - help, Shift-Dir - straight line, f - leopard gecko
Aim: a leopard gecko (sick, clinging)
The flame tongue hits the leopard gecko.
The leopard gecko is heavily wounded.
The leopard gecko bites you.
* * * LOW HITPOINT WARNING * * *
The leopard gecko closely misses you.
Are you sure you want to abandon this character and quit the game? (Confirm with "yes".)

###### #....###
#......#####
+.........>..#
#l@.!#..#..#.#
........#.#.....#.#
####..#.#.#.# ..#.#
.....#!#.#.# ....#
>.... ..#.#.###...#
..... ###........#
.... #.#####.##
.... ...# #.##
##### ###..###


You could see a leopard gecko.

Vanquished Creatures
  A bullfrog skeleton (D:4)
  4 adders
  An ooze (D:2)
  4 worms (D:2)
  4 leopard geckos
  2 orcs (D:6)
  A giant cockroach (D:2)
  5 goblins
  3 hobgoblins
  7 jackals (D:2)
  11 kobolds
  3 quokkas (D:2)
  A ball python (D:3)
  6 bats
  5 frilled lizards
  A quokka skeleton (D:2)
  3 rats
62 creatures vanquished.

Notes
Turn   | Place    | Note
-------+----------+-------------------------------------------
     0 | D:1      | Aviak the Demonspawn Fire Elementalist began the quest for
                  | the Orb.
     0 | D:1      | Reached XP level 1. HP: 13/13 MP: 3/3
   212 | D:1      | Gained mutation: You are immune to rotting. [demonic
                  | ancestry]
   212 | D:1      | Reached XP level 2. HP: 15/19 MP: 0/5
   853 | D:2      | Learned a level 2 spell: Throw Flame
   998 | D:2      | Reached XP level 3. HP: 20/24 MP: 2/6
  1160 | D:2      | Learned a level 3 spell: Conjure Flame
  1877 | D:2      | Gained mutation: You may emit foul miasma when damaged in
                  | melee. [demonic ancestry]
  1877 | D:2      | Reached XP level 4. HP: 26/30 MP: 1/7
  2765 | D:3      | You fall into a shaft and drop 3 floors!
  2766 | D:6      | Noticed an orc warrior
  2843 | D:5      | Entered Level 5 of the Dungeon
  2843 | D:5      | Found Ysawn's General Store.
  3054 | D:4      | Gained mutation: A weak demonic guardian rushes to your
                  | aid. [demonic ancestry]
  3054 | D:4      | Reached XP level 5. HP: 21/35 MP: 5/9
  3113 | D:4      | Quit the game

Levels and vault maps discovered:
D:1:      dpeg_arrival_line_fractal, layout_basic
D:2:      layout_basic, minmay_heptomino_w4
D:3:      layout_loops_cross, first_ration, uniq_jessica
D:4:      minmay_razor_zed, layout_basic, serial_forest,
          infiniplex_forest_corner_1, infiniplex_forest_zigzag_1,
          infiniplex_forest_3_way, infiniplex_forest_pool,
          infiniplex_forest_corner_2, infiniplex_forest_clump_tiny,
          infiniplex_forest_lined_2, uniq_blork_the_orc
D:5:      layout_basic, ebering_ghost_rock_garden, serial_shops,
          nicolae_shop_crystal, uniq_prince_ribbit1, uniq_edmund
D:6:      layout_layer_cave, minmay_temple_entry_stoned_glass

Skill      XL: |  1  2  3  4 |
---------------+-------------+-----
Dodging        | 2 |  2.8
Fire Magic     | 3 |  3.5
Conjurations   | 2 |  2.4
Spellcasting   | 3 |  3.0
Stealth        | |  1.7

Action                   |  1- 3 |  4- 6 || total
-------------------------+-------+-------++-------
Melee: Unarmed           |    20 |       ||    20
       Dagger            |   104 |    59 ||   163
 Cast: Flame Tongue      |    58 |    44 ||   102
  Use: Potion            |     6 |       ||     6
 Stab: Sleeping          |     2 |     1 ||     3
  Eat: Chunk             |     3 |     4 ||     7
Armor: Leather armour    |    34 |    18 ||    52
       Robe              |     1 |       ||     1
Dodge: Dodged            |   112 |    55 ||   167
